 Dungeon Crawl Stone Soup version 0.17-a0-1951-g62301d3 (webtiles) character file.

478 Ordine the Cruncher (level 6, 0/50 HPs)
             Began as a Minotaur Gladiator on Oct 3, 2015.
             Killed by Freeze
             ... invoked by RedPan's ghost
              (16 damage)
             ... on level 4 of the Dungeon.
             The game lasted 00:06:45 (3112 turns).

Ordine the Cruncher (Minotaur Gladiator)            Turns: 3112, Time: 00:06:45

Health: 0/50       AC: 15    Str: 25    XL:     6   Next: 85%
Magic:  5/5        EV:  7    Int:  5    God:
Gold:   151        SH:  0    Dex: 12    Spells: 0 memorised, 5 levels left

rFire  . . .     SeeInvis .     a - +1 quarterstaff
rCold  . . .     Clarity  .     q - +0 plate armour
rNeg   . . .     SustAt   .     (no shield)
rPois  .         Gourm    .     c - +0 hat
rElec  .         Spirit   .     (no cloak)
rCorr  .         Warding  .     (no gloves)
rMut   .         Stasis   .     (no boots)
MR     .....                    (no amulet)
Stlth  ..........               b - +5 ring of protection
                                m - ring of stealth

@: mighty, drained, not resistant to hostile enchantments, extremely unstealthy
A: retaliatory headbutt, horns 2
a: no special abilities


You were on level 4 of the Dungeon.
You were near starving.

You visited 1 branch of the dungeon, and saw 4 of its levels.

You collected 151 gold pieces.

Inventory:

Hand weapons
 a - a +1 quarterstaff (weapon)
Missiles
 d - 3 throwing nets (quivered)
Armour
 c - a +0 hat (worn)
 q - a +0 plate armour (worn)
Jewellery
 b - a +5 ring of protection (right hand)
 m - a ring of stealth (left hand)
Magical devices
 k - a wand of digging (13)
Scrolls
 f - 2 scrolls of remove curse
 p - a scroll of amnesia
 r - a scroll of enchant weapon
Potions
 h - a potion of heal wounds
 j - a potion of magic {unknown}
 l - a potion of poison {unknown}
 n - a potion of curing {unknown}
 o - a potion of agility {unknown}
Comestibles
 e - a bread ration
 g - 2 meat rations


   Skills:
 - Level 2.4(1.4) Fighting
 + Level 9.4(8.2) Staves
 - Level 2.0(1.0) Throwing
 - Level 3.2(2.2) Dodging


You had 5 spell levels left.
You didn't know any spells.

Dungeon Overview and Level Annotations

Branches:
Dungeon (4/15)
 Temple: D:4-7

Altars:
Qazlal

Annotations:
D:4 RedPan's ghost, experienced DrIE


Innate Abilities, Weirdness & Mutations

You reflexively headbutt those who attack you in melee.
You have a pair of horns on your head.


Message History

RedPan's ghost is moderately damaged.
RedPan's ghost hits you but does no damage.
You barely miss RedPan's ghost. Your headbutt misses RedPan's ghost.
RedPan's ghost is moderately damaged.
RedPan's ghost hits you but does no damage.
You sock RedPan's ghost!
RedPan's ghost is severely damaged.
RedPan's ghost hits you but does no damage.
You closely miss RedPan's ghost. Your headbutt misses RedPan's ghost.
RedPan's ghost is severely damaged.
You closely miss RedPan's ghost.
RedPan's ghost is severely damaged.
RedPan's ghost breathes negative energy at you.
The bolt of negative energy hits you!
You feel drained.
* * * LOW HITPOINT WARNING * * *
You sock RedPan's ghost!
RedPan's ghost is almost destroyed.
RedPan's ghost casts a spell at you.
You are frozen.
You die...

#.##)..#
#.##...#
..##...#
####.#.#
#.#.##
#.#..# # #
#.#..#.#...
..#.........
###@...#####
#W.......
.##..#### ..
..# ... ..#
#... .>.
#... ###
#...


You could see RedPan's ghost.

Vanquished Creatures
  An orc warrior (D:3)
  2 ogres (D:4)
  An orc priest (D:3)
  A worker ant (D:3)
  10 adders
  An ooze (D:3)
  An adder skeleton (D:4)
  2 worms
  An orc (D:3)
  4 ball pythons
  A giant cockroach (D:2)
  7 goblins
  5 hobgoblins
  2 jackals (D:1)
  12 bats
  3 giant geckos
  9 giant newts
  4 kobolds
  A quokka (D:4)
  9 rats
77 creatures vanquished.

Notes
Turn   | Place    | Note
--------------------------------------------------------------
     0 | D:1      | Ordine the Minotaur Gladiator began the quest for the Orb.
     0 | D:1      | Reached XP level 1. HP: 18/18 MP: 0/0
    43 | D:1      | Reached skill level 4 in Staves
   364 | D:1      | Reached XP level 2. HP: 25/25 MP: 1/1
   598 | D:1      | Reached skill level 5 in Staves
   678 | D:1      | Reached XP level 3. HP: 26/30 MP: 2/2
   877 | D:2      | Found a stormy altar of Qazlal.
   922 | D:2      | Reached XP level 4. HP: 17/37 MP: 3/3
   924 | D:2      | Reached skill level 6 in Staves
  1519 | D:3      | Reached skill level 7 in Staves
  1519 | D:3      | Reached XP level 5. HP: 22/42 MP: 4/4
  2008 | D:3      | Noticed an orc warrior
  2338 | D:3      | Killed an orc warrior
  2338 | D:3      | Reached skill level 8 in Staves
  2338 | D:3      | Reached XP level 6. HP: 21/50 MP: 5/5
  2849 | D:4      | Reached skill level 9 in Staves
  3099 | D:4      | Noticed RedPan's ghost (experienced DrIE)
  3112 | D:4      | Killed from afar by RedPan's ghost

Vault maps used:
D:1:      evilmike_arrival_plus, minmay_lizard_king
D:2:      nicolae_overflow_crystal_walls

Action                   |  1- 3 |  4- 6 || total
-------------------------+-------+-------++-------
Melee: Quarterstaff      |    67 |    99 ||   166
  Use: Scroll            |     6 |     3 ||     9
       Potion            |       |     2 ||     2
 Stab: Sleeping          |     3 |     3 ||     6
  Eat: Chunk             |       |     5 ||     5
